 Dungeon Crawl Stone Soup version 0.31-a0-18-gea43df2a32 (webtiles) character file.

Game seed: 6385401362317303925

91 IdlyInterested the Trooper (level 4, -2/55 HPs)
             Began as a Demonspawn Wanderer on May 9, 2023.
             Slain by an ice beast (11 damage)
             ... on level 3 of the Dungeon.
             The game lasted 00:05:22 (1430 turns).

IdlyInterested the Trooper (Demonspawn Wanderer)    Turns: 1430, Time: 00:05:23

Health: -2/55      AC:  5    Str: 14    XL:     4   Next: 34%
Magic:  4/4        EV: 10    Int: 13    God:
Gold:   151        SH:  0    Dex: 13    Spells: 3/3 levels left

rFire   . . .        a - +1 quarterstaff
rCold   . . .        (shield currently unavailable)
rNeg    . . .        g - +0 ring mail
rPois   .            (helmet restricted)
rElec   .            (no cloak)
rCorr   .            (no gloves)
SInv    .            (no boots)
Will    .....        (no amulet) Stlth
                     (no ring)
HPRegen 0.29/turn    (no ring)
MPRegen 0.09/turn

%: no passive effects
@: mighty, berserking, very quick
A: horns 1, powered by pain 1
a: no special abilities


You were on level 3 of the Dungeon.
You visited 1 branch of the dungeon, and saw 3 of its levels.

You collected 151 gold pieces.

Inventory:

Hand Weapons
 a - a +1 quarterstaff (weapon)
 p - a +0 hand axe
 r - a +1 dagger of venom
Missiles
 m - 5 stones (quivered)
Armour
 e - a +0 leather armour
 g - a +0 ring mail (worn)
 l - a +0 robe
 u - a +0 plate armour
Magical Staves
 o - a staff of cold
Scrolls
 d - a scroll of fear
 f - a scroll of silence {unknown}
 h - 2 scrolls of magic mapping
 k - a scroll of noise {unknown}
 n - 4 scrolls of teleportation
 q - a scroll of identify {unknown}
 s - a scroll of poison {unknown}
 v - a scroll of immolation {unknown}
Potions
 b - 2 potions of heal wounds
 i - a potion of experience {unknown}
 j - a potion of haste {unknown}
 t - a potion of cancellation {unknown}


   Skills:
 * Level 4.0 Fighting
 - Level 2.6 Staves
 - Level 1.0 Armour
 - Level 1.0 Dodging
 - Level 1.0 Stealth
 - Level 3.6 Unarmed Combat
 + Level 0.8 Evocations


You had 3 spell levels left.
You didn't know any spells.
Your spell library contained the following spells:

 Spells                   Type           Power      Damage    Failure   Level
 Apportation              Tloc           0%         N/A       54%         1
 Necrotise                Necr           0%         1d4       54%         1
 Summon Small Mammal      Summ           0%         N/A       54%         1


Dungeon Overview and Level Annotations

Branches:
Dungeon (3/15)

Altars:


Innate Abilities, Weirdness & Mutations

You have a pair of small horns on your head.
You sometimes gain a little power by taking damage.


Message History

Okay, then.
Throw: 9 stones
Press: ? - help, Q - select action Shift-Dir - straight line, f/p - ice beast
Aim: an ice beast (59% to hit)
You throw a stone.
The stone hits the ice beast but does no damage.
Throw: 8 stones
Press: ? - help, Q - select action Shift-Dir - straight line, f/p - ice beast
Aim: an ice beast (59% to hit)
You throw a stone.
The stone hits the ice beast but does no damage.
Throw: 7 stones
Press: ? - help, Q - select action Shift-Dir - straight line, f/p - ice beast
Aim: an ice beast (59% to hit)
You throw a stone.
The stone hits the ice beast but does no damage.
Throw: 6 stones
Press: ? - help, Q - select action Shift-Dir - straight line, f/p - ice beast
Aim: an ice beast (59% to hit)
You throw a stone.
The stone hits the ice beast but does no damage.
You hit the ice beast but do no damage.
The ice beast hits you but does no damage. x2
You hit the ice beast but do no damage.
The ice beast hits you but does no damage.
You hit the ice beast.
The ice beast is lightly wounded.
The ice beast hits you. The ice beast freezes you!
You focus on the pain.
You feel very mighty all of a sudden.
You sock the ice beast!
The ice beast is heavily wounded.
The ice beast hits you. The ice beast freezes you!
* * * LOW HITPOINT WARNING * * *
You focus on the pain.
You feel mightier all of a sudden.
A red film seems to cover your vision as you go berserk!
You feel yourself moving faster!
You feel mighty! The ice beast hits you.
* * * LOW HITPOINT WARNING * * *
The ice beast freezes you!
You die...

##### ######## ##...## .......#
#########...<.# ..>....##
#..............# ........###
#..............#
..........######..............#
###...###.....##.......#.....##
................@Y............
....##.##########..#..........
....##..##### #.............#
............## #..#.....
....##.......##...##.#...
....##.......#....# . ..
##...#...........## . .
...#..........#.. ..
...##............


You could see an ice beast.

Vanquished Creatures
  3 adders
  6 endoplasms
  2 giant cockroaches (D:2)
  6 goblins
  7 hobgoblins
  4 jackals (D:2)
  2 kobolds
  5 quokkas
  10 ball pythons
  2 bats
  4 frilled lizards
  6 rats
57 creatures vanquished.

Notes
Turn   | Place    | Note
-------+----------+-------------------------------------------
     0 | D:1      | IdlyInterested the Demonspawn Wanderer began the quest for
                  | the Orb.
     0 | D:1      | IdlyInterested set off with the following items: a +1
                  | quarterstaff, a potion of heal wounds, a potion of berserk
                  | rage, a scroll of fear, a +0 leather armour.
     0 | D:1      | Reached XP level 1. HP: 16/16 MP: 1/1
    92 | D:1      | Gained mutation: You sometimes gain a little power by
                  | taking damage. [demonic ancestry]
    92 | D:1      | Reached XP level 2. HP: 18/23 MP: 2/2
   239 | D:1      | Reached skill level 1 in Armour
   348 | D:1      | Reached skill level 3 in Fighting
   443 | D:1      | Discovered your monstrous ancestry.
   443 | D:1      | Gained mutation: You have a pair of small horns on your
                  | head. [demonic ancestry]
   443 | D:1      | Reached XP level 3. HP: 29/29 MP: 3/3
   821 | D:2      | Reached skill level 1 in Dodging
   900 | D:2      | Reached XP level 4. HP: 34/37 MP: 4/4
  1238 | D:3      | Noticed an ice beast
  1384 | D:3      | Reached skill level 4 in Fighting
  1430 | D:3      | Slain by an ice beast

Illustrated notes

Levels and vault maps discovered:
D:1:      dpeg_arrival_refuge, layout_rooms
D:2:      layout_basic
D:3:      layout_rooms, lemuel_zombie_altar_kikubaaqudgha,
          nzn_wu_jian_council_hall, dreamdust_ecumenical_altar_angels_and_demons

Skill      XL: |  1  2  3  4 |
---------------+-------------+-----
Armour         | 1 |  1.0
Fighting       | 3 4 |  4.0
Dodging        | 1 |  1.0
Staves         | |  2.6
Stealth        | |  1.0
Unarmed Combat | |  3.6
Evocations     | |  0.8

Action                     |  1- 3 |  4- 6 || total
---------------------------+-------+-------++-------
  Melee: Quarterstaff      |   107 |    25 ||   132
         Headbutt          |     7 |     2 ||     9
  Throw: Stone             |     1 |     6 ||     7
    Use: Scroll            |     2 |       ||     2
         Potion            |       |     1 ||     1
   Stab: Sleeping          |     1 |       ||     1
 Armour: Ring mail         |    35 |     9 ||    44
  Dodge: Dodged            |    68 |    13 ||    81

Table legend: (Time is in decaauts)
 A = Elapsed time spent in this place.
 B = Non-inter-level travel time spent in this place.
 C = Inter-level travel time spent in this place.
 D = Time resting spent in this place.
 E = Time spent auto-exploring this place.
 F = Levels seen in this place.
 G = Mean time per level.
                   A        B        C        D        E       F      G
               +--------+--------+--------+--------+--------+-----+--------+
         Total |   1453 |   1242 |    211 |    112 |    613 |   3 |  484.3 |
       Dungeon |   1453 |   1242 |    211 |    112 |    613 |   3 |  484.3 |
               +--------+--------+--------+--------+--------+-----+--------+

Top non-repeatable levels by time:
     D:2: 749 daAuts
     D:1: 616 daAuts
     D:3: 87 daAuts
